 Dungeon Crawl Stone Soup version 0.25-a0-464-g3004169c2b (webtiles) character file.

Game seed: 2299056111593493938, levelgen mode: deterministic

64 ReteAZ the Chopper (level 3, -5/31 HPs)
             Began as a Minotaur Fighter on Feb 5, 2020.
             Slain by a sky beast (6 damage)
             ... on level 2 of the Dungeon.
             The game lasted 00:01:48 (954 turns).

ReteAZ the Chopper (Minotaur Fighter)                Turns: 954, Time: 00:01:49

Health: -5/31      AC: 11    Str: 21    XL:     3   Next: 91%
Magic:  2/2        EV:  4    Int:  5    God:
Gold:   57         SH:  9    Dex:  9    Spells: 2/2 levels left

rFire    . . .     SeeInvis .   a - +0 war axe
rCold    . . .     Gourm    .   c - +0 shield
rNeg     . . .     Faith    .   h - +0 plate armour
rPois    .         Spirit   .   (helmet restricted)
rElec    .         Reflect  .   (no cloak)
rCorr    .         Harm     .   (no gloves)
MR       .....                  (no boots)
Stlth    ..........             (no amulet)
HPRegen  0.10/turn              (no ring)
MPRegen  0.08/turn              (no ring)

@: no status effects
A: retaliatory headbutt, horns 2
a: no special abilities


You were on level 2 of the Dungeon.
You were hungry.

You visited 1 branch of the dungeon, and saw 2 of its levels.

You collected 57 gold pieces.

Inventory:

Hand Weapons
 a - a +0 war axe (weapon)
Armour
 b - a +0 scale mail
 c - a +0 shield (worn)
 h - a +0 plate armour (worn)
Scrolls
 e - a scroll of teleportation {unknown}
Potions
 d - a potion of might
Comestibles
 f - 2 rations
 g - 6 chunks of flesh


   Skills:
 - Level 3.6 Fighting
 * Level 4.6 Axes
 - Level 4.0 Armour
 - Level 4.0 Shields


You had 2 spell levels left.
You didn't know any spells.
Your spell library was empty.

Dungeon Overview and Level Annotations

Branches:
Dungeon (2/15)

Altars:


Innate Abilities, Weirdness & Mutations

You reflexively headbutt those who attack you in melee.
You have a pair of horns on your head.


Message History

Something shocks you. Something hits you but does no damage.
You closely miss something. Something hits you but does no damage.
You hit something. Something hits you. Something shocks you.
You slash something! Something hits you. Something shocks you.
Something hits you.
* * * LOW HITPOINT WARNING * * *
Something shocks you.
* * * LOW HITPOINT WARNING * * *
You barely miss something. Something hits you but does no damage.
You closely miss something. Something hits you but does no damage.
You are feeling hungry.
You closely miss something. Something hits you but does no damage.
You closely miss something.
Something hits you but does no damage. x2
You miss something. Something hits you but does no damage.
You miss something. Your headbutt misses something.
Something hits you but does no damage. x2
You closely miss something. You headbutt something! Something hits you.
* * * LOW HITPOINT WARNING * * *
Something shocks you.
You die...

...........# #.......#
.#.........#.#.......#
.#.........#.#.......#
.#.........#.........#
##.........##.......<#
#......... #......###
#......... ##.....#
#.######## #.....#
#..@..# #.#{### #..w.
##..## #..# .... ....
...>.


You could see a worm.

Vanquished Creatures
  An adder (D:2)
  An ooze (D:1)
  2 worms (D:2)
  A giant cockroach (D:1)
  4 goblins (D:1)
  6 hobgoblins
  8 jackals (D:1)
  9 bats
  A frilled lizard (D:1)
  6 kobolds
  5 rats
44 creatures vanquished.

Notes
Turn   | Place    | Note
-------+----------+-------------------------------------------
     0 | D:1      | ReteAZ the Minotaur Fighter began the quest for the Orb.
     0 | D:1      | Reached XP level 1. HP: 19/19 MP: 0/0
   100 | D:1      | Reached XP level 2. HP: 18/26 MP: 1/1
   378 | D:1      | Reached XP level 3. HP: 28/31 MP: 2/2
   937 | D:2      | Noticed a sky beast
   954 | D:2      | HP: 1/31 [something (4)]
   954 | D:2      | Slain by a sky beast

Levels and vault maps discovered:
D:1:      wheals_arrival_shading, layout_rooms, serial_bayou_pond_c,
          minmay_fountain_box
D:2:      layout_basic, nemelex_altar_shiori, chequers_ecumenical_altar_grove

Skill      XL: |  1  2  3 |
---------------+----------+-----
Axes           | 3 4 |  4.6
Armour         | 4 |  4.0
Shields        | 4 |  4.0
Fighting       | |  3.6

Action                   || total
-------------------------++-------
Melee: War axe           ||   134
       Headbutt          ||    16
Armor: Scale mail        ||    36
       Plate armour      ||    68
Dodge: Dodged            ||    36
Block: Shield            ||    88

Table legend:
 A = Non-vault XP
 B = Vault XP
 C = Vault XP percentage of total XP
 D = Non-vault monster count
 E = Vault monster count
 F = Vault count percentage of total count
                 A         B        C        D         E       F
            +---------+---------+-------+---------+---------+-------
      Total |      92 |       0 |   0.0 |      44 |       0 |   0.0
            +---------+---------+-------+---------+---------+-------
        D:1 |      59 |       0 |   0.0 |      33 |       0 |   0.0
        D:2 |      33 |       0 |   0.0 |      11 |       0 |   0.0
            +---------+---------+-------+---------+---------+-------
